 Dungeon Crawl Stone Soup version 0.16-a0-3192-g4847bf6 (webtiles) character file.

10441 Miyamura the Martial Artist (level 11, -6/94 HPs)
             Began as a White Draconian Transmuter on Dec 17, 2014.
             Was a High Priest of Okawaru.
             Killed by divine providence
             ... invoked by an orc priest
             ... led by an orc knight
              (15 damage)
             ... on level 2 of the Orcish Mines.
             The game lasted 00:56:12 (17566 turns).

Miyamura the Martial Artist (DrTm)                 Turns: 17566, Time: 00:56:14

Health: -6/94      AC: 13    Str: 12    XL:     11   Next: 36%
Magic:  26/27      EV: 16    Int: 15    God:    Okawaru [*****.]
Gold:   873        SH:  0    Dex: 15    Spells: 4 memorised, 12 levels left

rFire  . . .     SeeInvis .     A - +3 short sword (protect)
rCold  + + .     Clarity  .     (armour unavailable)
rNeg   . . .     SustAb   .     (no shield)
rPois  .         Gourm    .     (helmet restricted)
rElec  .         Spirit   .     (no cloak)
rCorr  .         Warding  .     F - +0 pair of gloves "Crya" {Dex+1 Slay+4 Stlth++}
rMut   +         Stasis   .     (no boots)
MR     .....                    r - amulet of resist mutation
Stlth  ++++......               y - ring of wizardry
                                c - ring of protection from cold

@: not resistant to hostile enchantments, stealthy
A: breathe frost, unfitting armour, cold resistance 1, cold-blooded, AC +7
a: Breathe Frost, Heroism, Finesse, Renounce Religion


You were on level 2 of the Orcish Mines.
You worshipped Okawaru.
Okawaru was extremely pleased with you.
You were very hungry.

You visited 3 branches of the dungeon, and saw 13 of its levels.
You also visited: Sewer.

You collected 1071 gold pieces.
You spent 198 gold pieces at shops.

Inventory:

Hand weapons
 A - a +3 short sword of protection (weapon)
Armour
 F - the +0 pair of gloves "Crya" (worn) {Dex+1 Slay+4 Stlth++}
   (You acquired it on level 9 of the Dungeon)

   It affects your dexterity (+1).
   It affects your accuracy and damage with ranged weapons and melee attacks
   (+4).
   It makes you much more stealthy.
 V - a +3 shield
Jewellery
 c - a ring of protection from cold (left hand)
 r - an amulet of resist mutation (around neck)
 y - a ring of wizardry (right hand)
 K - a cursed amulet of faith {unknown}
 N - an uncursed amulet of regeneration
 X - a cursed amulet of inaccuracy {unknown}
Magical devices
 q - a wand of fireball (3)
 u - a wand of teleportation (5)
 v - a wand of cold (4)
 C - a wand of frost (18)
 G - a wand of polymorph (8)
 M - a wand of random effects (19)
 Q - a wand of random effects (21)
 R - a wand of draining (5)
 Z - a wand of digging (2)
Scrolls
 g - 2 scrolls of amnesia
 o - a scroll of noise {unknown}
 t - a scroll of enchant armour
 I - a scroll of fog
 O - a scroll of remove curse
 W - a scroll of identify
Potions
 e - 2 potions of curing
 f - a potion of brilliance {unknown}
 h - 2 potions of might {unknown}
 k - a potion of invisibility
 l - a potion of agility {unknown}
 m - a potion of haste {unknown}
 s - 5 potions of flight
 w - a potion of lignification {unknown}
 x - 3 potions of cancellation {unknown}
 z - 3 potions of poison {unknown}
 D - a potion of ambrosia {unknown}
 E - 2 potions of heal wounds {unknown}
 H - 2 potions of restore abilities {unknown}
 L - a potion of magic {unknown}
 S - a potion of cure mutation {unknown}
 T - a potion of degeneration {unknown}
Books
 b - a book of Flames

   Spells                             Type                      Level
   a - Flame Tongue                   Conjuration/Fire             1
   b - Throw Flame                    Conjuration/Fire             2
   c - Conjure Flame                  Conjuration/Fire             3
   d - Inner Flame                    Hexes/Fire                   3
   e - Sticky Flame                   Conjuration/Fire             4
   f - Fireball                       Conjuration/Fire             5
 d - a book of Changes

   Spells                             Type                      Level
   a - Beastly Appendage              Transmutation                1
   b - Sticks to Snakes               Transmutation                2
   c - Spider Form                    Transmutation/Poison         3
   d - Ice Form                       Ice/Transmutation            4
   e - Blade Hands                    Transmutation                5
 B - a book of Summonings

   Spells                             Type                      Level
   a - Abjuration                     Summoning                    3
   b - Recall                         Summoning/Translocation      3
   c - Shadow Creatures               Summoning                    5
   d - Summon Demon                   Summoning                    5
   e - Summon Forest                  Summoning/Translocation      5
   f - Monstrous Menagerie            Summoning                    6
Comestibles
 a - 5 bread rations
 i - a beef jerky
 j - 7 fruits
 n - 7 slices of pizza
 p - 6 meat rations


   Skills:
 + Level 8.3 Fighting
 + Level 7.4 Dodging
 + Level 8.6 Unarmed Combat
 + Level 7.7 Spellcasting
 + Level 8.1 Transmutations
 - Level 5.0 Ice Magic


You had 12 spell levels left.
You knew the following spells:

 Your Spells              Type           Power        Failure   Level  Hunger
a - Beastly Appendage     Trmt           ####..       1%          1    None
b - Spider Form           Trmt/Pois      ###.......   4%          3    ##.....
c - Ice Form              Ice/Trmt       ####....     4%          4    ####...
d - Blade Hands           Trmt           ####......   6%          5    #####..


Dungeon Overview and Level Annotations

Branches:
Dungeon (10/15)            Temple (1/1) D:6            Lair (0/8) D:9
    Orc (2/4) D:10

Altars:
Ashenzari
Cheibriados
Dithmenos
Elyvilon
Fedhas
Gozag
Kikubaaqudgha
Makhleb
Nemelex Xobeh
Okawaru
Qazlal
Ru
Sif Muna
Trog
Vehumet
Xom
Yredelemnul
Zin
The Shining One
Beogh

Shops:
D:10 [(

Annotations:
D:6 Prince Ribbit, Sigmund


Innate Abilities, Weirdness & Mutations

You can breathe waves of freezing cold.
You can buffet flying creatures when you breathe cold.
Your icy white scales are hard (AC +7).
Your body does not fit into most forms of armour.
Your flesh is cold resistant.
Your cold-blooded metabolism reacts poorly to cold.


Message History

You slash the orc priest!
The orc priest is heavily wounded.
The orc priest hits you with a dagger. The warg bites you!
* * * LOW HITPOINT WARNING * * *
Evoke which item? (* to show all) (? for menu, Esc to quit)
You have no means to grasp a wand firmly enough.
You can't do that in your present form.
Use which ability? (? or * to list)
Your hands revert to their normal proportions.
Your +3 short sword of protection unmelds from your body.
The +0 pair of gloves "Crya" {Dex+1 Slay+4 Stlth++} unmelds from your body.
You feel protected! The warg bites you but does no damage.
The orc priest misses you.
The orc hits you from afar with a trident.
* * * LOW HITPOINT WARNING * * *
The warg bites you!
* * * LOW HITPOINT WARNING * * *
The orc priest calls down the wrath of Beogh upon you.
Something smites you!
You die...

###...o#.....[).#......#
##...o....))..##.....##
#......#...#...##.####
###....#.....#.#####
##.....#......###
#.........#)..##
##........o#))..#
##.#.#.....#ho..##
#...##.#.####@(##
##......## ####
##.##...# ####...# ##.##
###


You could see a warg, an orc priest (frenzied) and an orc (frenzied).

Vanquished Creatures
  An orc knight (Orc:2)
  Pikel (D:7)
  The ghost of Miyamura the Magician, an experienced DEFE (D:7)
  A two-headed ogre (D:10)
  2 trolls
  9 yaks
  A wyvern (D:8)
  A deep elf mage (D:8)
  3 humans (D:7)
  A steam dragon (D:10)
  A hungry ghost (D:7)
  Edmund (D:8)
  3 wargs
  A slave (D:7)
  8 ogres
  A water moccasin (D:7)
  6 orc warriors
  An ice beast (D:7)
  3 phantoms
  2 sky beasts
  A centaur (D:10)
  12 big kobolds (D:8)
  7 giant frogs
  4 scorpions
  3 goliath beetles
  4 crimson imps
  A centaur zombie (D:5)
  A giant frog zombie (D:8)
  A quasit (D:8)
  10 orc priests
  5 centaur skeletons
  6 hounds
  An iguana (D:4)
  10 orc wizards
  4 worker ants
  A siren (Sewer)
  A merfolk avatar (Sewer)
  4 sheep (D:7)
  A hound zombie (D:5)
  A hound skeleton (D:5)
  A mummy (D:8)
  A river rat (Sewer)
  2 worker ant zombies
  18 adders
  5 gnolls
  2 shadow imps
  4 worms
  3 giant mites
  An adder skeleton (D:5)
  An adder zombie (D:6)
  12 giant geckos
  79 orcs
  15 bats
  A bat skeleton (D:6)
  A bat zombie (D:8)
  10 giant cockroaches
  22 goblins
  23 hobgoblins
  11 jackals
  22 kobolds
  3 quokkas
  5 ball pythons
  A giant cockroach zombie (D:5)
  5 giant newts
  A giant spore (D:9)
  A jackal skeleton (D:5)
  A kobold zombie (D:5)
  A quokka zombie (D:4)
  43 rats
  3 ballistomycetes (D:9)
424 creatures vanquished.

Vanquished Creatures (others)
  A slave (D:7)
  2 drowned souls (Sewer)
  3 gnolls (D:7)
  An ooze (D:7)
7 creatures vanquished.

Grand Total: 431 creatures vanquished

Notes
Turn   | Place    | Note
--------------------------------------------------------------
     0 | D:1      | Miyamura, the Draconian Transmuter, began the quest for the Orb.
     0 | D:1      | Reached XP level 1. HP: 16/16 MP: 3/3
   482 | D:1      | Reached XP level 2. HP: 14/23 MP: 2/4
  1005 | D:1      | Reached XP level 3. HP: 26/28 MP: 4/6
  1391 | D:2      | Learned a level 3 spell: Spider Form
  1949 | D:2      | Reached XP level 4. HP: 29/36 MP: 6/8
  2680 | D:3      | Reached XP level 5. HP: 34/42 MP: 9/9
  3600 | D:3      | Reached skill level 4 in Unarmed Combat
  4200 | D:3      | Found a basalt altar of Yredelemnul.
  4202 | D:3      | Reached XP level 6. HP: 51/51 MP: 13/13
  4612 | D:4      | Found a shattered altar of Ashenzari.
  4716 | D:4      | Learned a level 4 spell: Ice Form
  5541 | D:4      | Your scales start taking on an icy white colour.
  5541 | D:4      | Gained mutation: Your flesh is cold resistant. [draconian maturity]
  5541 | D:4      | Reached XP level 7. HP: 51/57 MP: 11/15
  5669 | D:5      | Entered Level 5 of the Dungeon
  5936 | D:5      | Found a deep blue altar of Sif Muna.
  5953 | D:5      | Reached skill level 1 in Ice Magic
  6206 | D:5      | Found an iron altar of Okawaru.
  6225 | D:5      | Became a worshipper of Warmaster Okawaru
  6853 | D:5      | Reached skill level 5 in Unarmed Combat
  6924 | D:5      | Reached XP level 8. HP: 45/67 MP: 18/18
  7213 | D:6      | Found a staircase to the Ecumenical Temple.
  7282 | D:6      | Found a glowing golden altar of the Shining One.
  7334 | D:6      | Acquired Okawaru's first power
  7429 | D:6      | Noticed Prince Ribbit
  7468 | D:6      | Noticed Sigmund
  7475 | D:6      | Noticed a hill giant
  7488 | D:6      | Found a glowing drain.
  7492 | Sewer    | Entered a sewer
  7899 | Sewer    | Noticed a drowned soul
  7902 | Sewer    | Noticed a drowned soul
  7902 | Sewer    | Killed a drowned soul
  7903 | Sewer    | Noticed a drowned soul
  7903 | Sewer    | Killed a drowned soul
  7904 | Sewer    | Noticed a drowned soul
  7905 | Sewer    | Noticed a drowned soul
  7905 | Sewer    | Noticed a drowned soul
  8151 | Temple   | Entered the Ecumenical Temple
  8678 | D:7      | Noticed Pikel
  8690 | D:7      | Killed Pikel
  8690 | D:7      | Reached skill level 5 in Fighting
  8690 | D:7      | Reached skill level 5 in Spellcasting
  8690 | D:7      | Reached skill level 5 in Transmutations
  8690 | D:7      | Reached XP level 9. HP: 55/74 MP: 16/21
  8828 | D:7      | Found an iron altar of Okawaru.
  8842 | D:7      | Reached skill level 6 in Unarmed Combat
  9008 | D:7      | Reached skill level 5 in Dodging
  9040 | D:7      | Learned a level 5 spell: Blade Hands
  9269 | D:7      | Reached skill level 5 in Ice Magic
  9321 | D:7      | Noticed Miyamura's ghost (experienced DEFE)
  9329 | D:7      | Killed Miyamura's ghost
  9836 | D:7      | Found a shimmering altar of Xom.
  9836 | D:7      | Found a bloodstained altar of Trog.
 10341 | D:8      | Reached XP level 10. HP: 77/84 MP: 18/24
 10370 | D:8      | Reached skill level 7 in Unarmed Combat
 10934 | D:8      | Found a burning altar of Makhleb.
 10956 | D:8      | Noticed Edmund
 10965 | D:8      | Killed Edmund
 11946 | D:9      | Found a staircase to the Lair.
 12191 | D:10     | Entered Level 10 of the Dungeon
 12567 | D:10     | Received a gift from Okawaru
 12620 | D:10     | Found Eviruax's Weapon Boutique.
 12628 | D:10     | Found a staircase to the Orcish Mines.
 12710 | D:10     | Found Keongeqa's Armour Boutique.
 13076 | D:10     | Bought a +2 shield for 198 gold pieces
 13508 | D:10     | HP: 2/86 [yak (16)]
 13907 | D:10     | Reached skill level 8 in Unarmed Combat
 14529 | D:9      | Identified a scroll of acquirement
 14530 | D:9      | Got a pair of shimmering gloves
 14536 | D:9      | Identified the +0 pair of gloves "Crya" {Dex+1 Slay+4 Stlth++} (You acquired it on level 9 of the Dungeon)
 14698 | D:10     | Reached XP level 11. HP: 53/93 MP: 22/26
 14930 | D:10     | Noticed a hill giant
 15780 | D:10     | Acquired Okawaru's second power
 15937 | Orc:1    | Entered Level 1 of the Orcish Mines
 16855 | Orc:1    | Found a roughly hewn altar of Beogh.
 17566 | Orc:2    | Killed from afar by an orc priest

Action                   |  1- 3 |  4- 6 |  7- 9 | 10-12 || total
-------------------------+-------+-------+-------+-------++-------
Melee: Unarmed           |   134 |   195 |   148 |   404 ||   881
       Short sword       |       |   125 |   396 |   137 ||   658
 Cast: Beastly Appendage |    28 |    21 |       |       ||    49
       Spider Form       |       |    10 |     3 |       ||    13
       Ice Form          |       |       |    19 |    20 ||    39
       Blade Hands       |       |       |       |    21 ||    21
 Abil: Breathe Frost     |       |       |     4 |       ||     4
       End Transformatio |       |       |       |     6 ||     6
Evoke: Wand              |       |       |    10 |     6 ||    16
  Use: Scroll            |       |     8 |     9 |     9 ||    26
       Potion            |       |     1 |     1 |     3 ||     5
 Stab: Invisible         |       |       |     1 |       ||     1
       Sleeping          |       |       |       |     2 ||     2
  Eat: Chunk             |     4 |    13 |    21 |    27 ||    65
       Beef jerky        |       |       |       |     3 ||     3
       Fruit             |       |       |       |     2 ||     2
